 Dungeon Crawl Stone Soup version 0.24.0-123-gd5b16e6ec5 (webtiles) character file.

Game seed: 7859455347835245554, levelgen mode: deterministic

230 Martska the Charmwright (level 6, -2/47 HPs)
             Began as a Human Skald on Feb 10, 2020.
             Was an Initiate of the Shining One.
             Shot with an arrow by a centaur (3 damage)
             ... on level 6 of the Dungeon.
             The game lasted 00:09:04 (4173 turns).

Martska the Charmwright (Human Skald)               Turns: 4173, Time: 00:09:05

Health: -2/47      AC:  7    Str: 14    XL:     6   Next: 24%
Magic:  9/9        EV: 12    Int: 13    God:    the Shining One [......]
Gold:   185        SH:  0    Dex: 12    Spells: 3/9 levels left

rFire    . . .     SeeInvis .   a - +0 falchion
rCold    . . .     Gourm    .   (no shield)
rNeg     . . .     Faith    .   b - +1 leather armour
rPois    .         Spirit   .   (no helmet)
rElec    .         Reflect  .   k - +0 cloak
rCorr    .         Harm     .   (no gloves)
MR       .....                  g - +1 pair of boots
Stlth    +.........             (no amulet)
HPRegen  0.15/turn              (no ring)
MPRegen  0.11/turn              (no ring)

@: very slightly contaminated, glowing
A: no striking features
a: Renounce Religion


You were on level 6 of the Dungeon.
You worshipped the Shining One.
The Shining One was noncommittal.
You were hungry.

You visited 2 branches of the dungeon, and saw 6 of its levels.

You collected 185 gold pieces.

Inventory:

Hand Weapons
 a - a +0 falchion (weapon)
Armour
 b - a +1 leather armour (worn)
 g - a +1 pair of boots (worn)
 k - a +0 cloak (worn)
Jewellery
 n - an uncursed amulet of faith {unknown}
Scrolls
 i - 2 scrolls of remove curse
 m - a scroll of noise
Potions
 c - a potion of curing
 e - 2 potions of berserk rage {unknown}
 j - 2 potions of lignification {unknown}
 l - 2 potions of cancellation {unknown}
 p - a potion of mutation {unknown}
Comestibles
 d - a ration


   Skills:
 * Level 3.3 Fighting
 * Level 3.3 Long Blades
 + Level 1.9 Armour
 + Level 2.7 Dodging
 + Level 2.4 Spellcasting
 + Level 0.7 Hexes
 + Level 3.6 Charms
 + Level 1.0 Translocations


You had 3 spell levels left.
You knew the following spells:

 Your Spells              Type           Power        Failure   Level  Hunger
a - Infusion              Chrm           ##..         7%          1    #......
b - Spectral Weapon       Hex/Chrm       #.......     36%         3    ###....
c - Shroud of Golubria    Chrm/Tloc      #.....       17%         2    ###....

Your spell library contained the following spells:

 Spells                   Type           Power        Failure   Level  Hunger
 Song of Slaying          Chrm           ##......     10%         2    ###....
 Confusing Touch          Hex            #.....       22%         1    #......
 Regeneration             Chrm/Necr      #.........   38%         3    ###....
 Gell's Gravitas          Tloc           #.........   52%         3    ###....
 Confuse                  Hex            #.......     54%         3    ###....
 Petrify                  Tmut/Erth      #.......     96%         4    #####..
 Metabolic Englaciation   Hex/Ice        #.........   100%        5    ######.
 Yara's Violent Unravell  Hex/Tmut       #.........   100%        5    ######.


Dungeon Overview and Level Annotations

Branches:
Dungeon (7/15)             Temple (1/1) D:6

Altars:
Dithmenos
Elyvilon
Kikubaaqudgha
Makhleb
Nemelex Xobeh
Ru
Sif Muna
Trog
Uskayaw
Vehumet
Wu Jian
Xom
Yredelemnul
Zin
The Shining One

Annotations:
D:6 Blork the orc


Message History

As you read the scroll labeled ZEHASE BISEUH, it crumbles to dust.
It is a scroll of enchant armour.
Your +0 leather armour glows green for a moment.
The howler monkey zombie closely misses you.
As you read the scroll labeled XAMPET YXOSOCH, it crumbles to dust.
You speak a Word of immense power!
The howler monkey zombie convulses!
You destroy the howler monkey zombie!
The Shining One accepts your kill.
The centaur skeleton convulses!
You destroy the centaur skeleton!
The Shining One accepts your kill.
Your Translocations skill increases to level 1!
It was a scroll of holy word.
The centaur shoots an arrow.
The arrow hits you.
* * * LOW HITPOINT WARNING * * *
The centaur shoots an arrow.
The arrow closely misses you.
The centaur shoots an arrow.
The arrow hits you!
* * * LOW HITPOINT WARNING * * *
You see here an arrow.
The centaur shoots an arrow.
The arrow hits you.
You die...

#. ###.##
..##....#####
........c.W(#
..##.##.###(#
.......... #.# #c#
.........###.# #.#
..........##Z# #.#
.....##...##c# #@#
.....#......W###.##
........##r#o.##..##
.........o..........
...W....###.........
......#....(.........
......#####...........
.........
............. ......#
.#.........


You could see a hungry ghost and a centaur.

Vanquished Creatures
  A scorpion (D:7)
  A centaur skeleton (D:6)
  A worker ant (D:7)
  A howler monkey zombie (D:6)
  4 adders
  3 dart slugs (D:1)
  2 leopard geckos
  7 orcs
  A ball python (D:3)
  3 giant cockroaches
  8 goblins
  5 hobgoblins
  6 jackals
  2 quokkas
  11 bats
  A frilled lizard (D:1)
  7 kobolds
  4 rats
68 creatures vanquished.

Notes
Turn   | Place    | Note
-------+----------+-------------------------------------------
     0 | D:1      | Martska the Human Skald began the quest for the Orb.
     0 | D:1      | Reached XP level 1. HP: 16/16 MP: 3/3
   106 | D:1      | Reached XP level 2. HP: 3/22 MP: 0/5
   119 | D:1      | HP: 1/22 [jackal (3)]
   706 | D:1      | Reached XP level 3. HP: 27/27 MP: 6/6
  1532 | D:2      | Reached XP level 4. HP: 34/34 MP: 7/7
  1610 | D:2      | Found a burning altar of Makhleb.
  1618 | D:2      | Noticed a blizzard demon
  1621 | D:2      | Found a glowing silver altar of Zin.
  1622 | D:2      | Noticed an angel
  1809 | D:2      | Learned a level 3 spell: Spectral Weapon
  1812 | D:2      | Learned a level 2 spell: Shroud of Golubria
  2246 | D:3      | Reached XP level 5. HP: 39/39 MP: 5/8
  2994 | D:3      | Found a shimmering blue altar of Sif Muna.
  3009 | D:3      | You fall into a shaft and drop 3 floors!
  3031 | D:6      | Found a staircase to the Ecumenical Temple.
  3041 | Temple   | Entered the Ecumenical Temple
  3116 | Temple   | Became a worshipper of the Shining One
  3156 | D:6      | Noticed a centaur
  3263 | D:7      | HP: 2/41 [poisoned by a worker ant]
  3682 | D:7      | HP: 2/41 [scorpion (7)]
  3682 | D:7      | Reached XP level 6. HP: 3/47 MP: 3/9
  4114 | D:7      | Noticed a hippogriff
  4143 | D:6      | Noticed Blork the orc
  4146 | D:6      | Noticed a hungry ghost
  4168 | D:6      | Reached skill level 1 in Translocations
  4169 | D:6      | HP: 1/47 [centaur/arrow (8)]
  4173 | D:6      | Shot with an arrow by a centaur

Levels and vault maps discovered:
D:1:      dpeg_arrival_court, layout_loops_ring, minmay_tripent
D:2:      layout_loops_ring, grunt_temple_overflow_order_and_chaos_2
D:3:      layout_basic, nicolae_overflow_hidden_temple,
          minmay_misc_feat_four_crosses, kennysheep_generic_room_10
D:6:      layout_rooms, overflow_temple_1_default,
          minmay_temple_entry_gardened_gates, uniq_blork_the_orc, uniq_eustachio
D:7:      layout_loops_ring, serial_shops, nicolae_shop_trees, grunt_ogre_cave
Temple:   regret_index_temple_waves

Skill      XL: |  1  2  3  4  5  6 |
---------------+-------------------+-----
Long Blades    | 3 |  3.3
Fighting       | 3 |  3.3
Translocations | 1 |  1.0
Armour         | |  1.9
Dodging        | |  2.7
Spellcasting   | |  2.4
Hexes          | |  0.7
Charms         | |  3.6

Action                   |  1- 3 |  4- 6 || total
-------------------------+-------+-------++-------
Melee: Falchion          |   113 |    85 ||   198
 Cast: Infusion          |     4 |    11 ||    15
       Spectral Weapon   |       |     1 ||     1
  Use: Scroll            |       |     7 ||     7
       Potion            |       |     1 ||     1
 Stab: Distracted        |       |     1 ||     1
       Sleeping          |       |     1 ||     1
  Eat: Ration            |     1 |     2 ||     3
Armor: Leather armour    |    36 |    32 ||    68
Dodge: Dodged            |    94 |    79 ||   173
       Rpst.: Falchion   |    34 |    29 ||    63
